 Seeded DCSS version 0.31-a0-435-g2c6fae2916 (webtiles) character file.

Game seed: 6733148913236269867 (custom seed)

86 innerfire43 the Trooper (level 4, -7/37 HPs)
             Began as a Demonspawn Monk on Aug 1, 2023.
             Mangled by a gnoll
             ... wielding a +0 halberd
              (15 damage)
             ... on level 2 of the Dungeon.
             The game lasted 00:01:19 (662 turns).

innerfire43 the Trooper (Demonspawn Monk)            Turns: 662, Time: 00:01:19

Health: -7/37      AC:  3    Str: 13    XL:     4   Next: 27%
Magic:  4/4        EV: 13    Int: 14    God:
Gold:   53         SH:  5    Dex: 17    Spells: 3/3 levels left

rFire   . . .        a - +0 hand axe
rCold   . . .        d - orb {light}
rNeg    . . .        b - +0 robe
rPois   .            c - +0 helmet
rElec   .            (no cloak)
rCorr   +            (no gloves)
SInv    .            (no boots)
Will    .....        f - amulet "Peodoog" {Reflect rCorr Int+2 Dex+2 SH+5 Stlth+}
Stlth   +            (no ring)
HPRegen 0.26/turn    (no ring)
MPRegen 0.09/turn

%: reflection
@: glowing
A: spiny 1
a: no special abilities


You were on level 2 of the Dungeon.
You visited 1 branch of the dungeon, and saw 2 of its levels.

You collected 53 gold pieces.

Inventory:

Hand Weapons
 a - a +0 hand axe (weapon)
Armour
 b - a +0 robe (worn)
 c - a +0 helmet (worn)
 d - an orb of light (worn)
Jewellery
 f - the amulet "Peodoog" (around neck) {Reflect rCorr Int+2 Dex+2 SH+5 Stlth+}
   (You acquired it on level 1 of the Dungeon)

   [amulet of reflection]

   It reflects blocked missile attacks.
   Int:       It affects your intelligence (+2).
   Dex:       It affects your dexterity (+2).
   rCorr:     It protects you from acid and corrosion.
   SH:        It affects your SH (+5).
   Stlth:     It makes you more stealthy.
Talismans
 g - a beast talisman
Scrolls
 e - a scroll of teleportation {unknown}
Potions
 h - a potion of might {unknown}


   Skills:
 + Level 4.0 Fighting
 + Level 3.6 Axes
 - Level 3.1 Dodging


You had 3 spell levels left.
You didn't know any spells.
Your spell library was empty.

Dungeon Overview and Level Annotations

Branches:
Dungeon (2/15)

Altars:


Innate Abilities, Weirdness & Mutations

You are partially covered in sharp spines.


Message History

g - a beast talisman
h - a bubbling dark potion You feel yourself speed up.
You recover from your berserk rage.
A gnoll comes into view. It is wielding a +0 halberd.
A gnoll is nearby!
A gnoll is nearby!
The gnoll shouts!
You hear a shout! x2
A gnoll comes into view. It is wielding a +0 halberd.
The gnoll shouts!
The gnoll is struck by your spines. The gnoll misses you.
You hit the gnoll.
The gnoll is heavily wounded.
The gnoll hits you with a +0 halberd.
You hit the gnoll.
The gnoll is severely wounded.
You block the gnoll's attack. The gnoll closely misses you.
The gnoll is struck by your spines. The gnoll closely misses you.
You block the gnoll's attack.
You hit the gnoll.
You kill the gnoll!
The gnoll hits you from afar with a +0 halberd!
Your Fighting skill increases to level 4!
You are too injured to fight recklessly!
The gnoll closely misses you. The gnoll barely misses you.
You see here a +0 halberd.
You hit the gnoll.
The gnoll is moderately wounded.
The gnoll hits you with a +0 halberd!
* * * LOW HITPOINT WARNING * * *
A gnoll comes into view. It is wielding a +0 whip.
The gnoll shouts!
You slash the gnoll!
The gnoll is almost dead.
The gnoll barely misses you.
You hit the gnoll but do no damage.
The gnoll is almost dead.
The gnoll hits you with a +0 halberd!
You die...

.... #.# .....#.#
...#.. ...# .# #g##
.## #))####..##.#
#).....# #.. #g.....#
..# ######@.._..# ..#
#...........# ..#
#^......)...##..##
#................#.#
#############......##
#...................
#....#######.#...###
#. #....# #.#.....#
#. #....# #.# .#...


You could see 2 gnolls.

Vanquished Creatures
  5 gnolls (D:2)
  A dart slug (D:1)
  2 ball pythons (D:1)
  7 bats
  4 endoplasms (D:1)
  A giant cockroach (D:1)
  5 hobgoblins (D:1)
  A kobold (D:2)
  3 quokkas
  2 frilled lizards (D:1)
  3 goblins (D:1)
  2 rats (D:1)
36 creatures vanquished.

Notes
Turn   | Place    | Note
-------+----------+-------------------------------------------
     0 | D:1      | innerfire43 the Demonspawn Monk began the quest for the
                  | Orb.
     0 | D:1      | Reached XP level 1. HP: 18/18 MP: 1/1
    95 | D:1      | Gained mutation: You are partially covered in sharp spines.
                  | [demonic ancestry]
    95 | D:1      | Reached XP level 2. HP: 16/24 MP: 2/2
   356 | D:1      | Reached XP level 3. HP: 29/29 MP: 3/3
   493 | D:1      | Identified a scroll of acquirement
   493 | D:1      | Acquired the amulet "Peodoog" {Reflect rCorr Int+2 Dex+2
                  | SH+5 Stlth+}
   587 | D:2      | Reached XP level 4. HP: 12/37 MP: 4/4
   658 | D:2      | Reached skill level 4 in Fighting
   662 | D:2      | Mangled by a gnoll

Illustrated notes

Levels and vault maps discovered:
D:1:      dpeg_arrival_prison, layout_rooms, chequers_arboretum
D:2:      layout_rooms, serial_shops, nicolae_shop_advertising_works
          [nicolae_subvault_shop_adworks], basic_altar

Skill      XL: |  1  2  3  4 |
---------------+-------------+-----
Dodging        | 3 |  3.1
Axes           | 3 |  3.6
Fighting       | 4 |  4.0

Action                     |  1- 3 |  4- 6 || total
---------------------------+-------+-------++-------
  Melee: Hand axe          |    55 |     6 ||    61
    Use: Potion            |     2 |       ||     2
         Scroll            |     2 |       ||     2
 Armour: Robe              |    14 |       ||    14
  Dodge: Dodged            |    49 |     6 ||    55
  Block: Orb               |     4 |     2 ||     6

Table legend: (Time is in decaauts)
 A = Elapsed time spent in this place.
 B = Non-inter-level travel time spent in this place.
 C = Inter-level travel time spent in this place.
 D = Time resting spent in this place.
 E = Time spent auto-exploring this place.
 F = Levels seen in this place.
 G = Mean time per level.
                   A        B        C        D        E       F      G
               +--------+--------+--------+--------+--------+-----+--------+
         Total |    684 |    661 |     23 |      0 |    477 |   2 |  342.0 |
       Dungeon |    684 |    661 |     23 |      0 |    477 |   2 |  342.0 |
               +--------+--------+--------+--------+--------+-----+--------+

Top non-repeatable levels by time:
     D:1: 529 daAuts
     D:2: 154 daAuts
